 Dungeon Crawl Stone Soup version 0.28-a0-465-ge2dae52223 (webtiles) character file.

Game seed: 14020021927663738087

398 omnomnOMINOUS the Ducker (level 6, -2/45 HPs)
             Began as an Octopode Wanderer on Sept 15, 2021.
             Was a Believer of Zin.
             Slain by a wyvern skeleton (11 damage)
             ... on level 6 of the Dungeon.
             The game lasted 00:08:48 (5815 turns).

omnomnOMINOUS the Ducker (Octopode Wanderer)        Turns: 5815, Time: 00:08:49

Health: -2/45      AC:  1    Str:  8    XL:     6   Next: 83%
Magic:  19/19      EV: 14    Int: 19    God:    Zin [**....]
Gold:   163        SH:  0    Dex: 12    Spells: 11/11 levels left

rFire   + . .      SeeInvis .   a - +2 quarterstaff
rCold   . . .      Faith    .   (shield currently unavailable)
rNeg    . . .      Spirit   .   (helmet restricted)
rPois   .          Reflect  .   (no amulet)
rElec   .          Harm     .   g - ring of magical power
rCorr   .          Rampage  .   l - ring of protection from fire
Will    .....                   (no ring)
Stlth   +++.......              (no ring)
HPRegen 0.15/turn               (no ring)
MPRegen 0.16/turn               (no ring)
                                (no ring)
                                (no ring)

@: mighty
A: almost no armour, amphibious, 8 rings, camouflage 1, gelatinous body 1,
(nimble swimmer 1), tentacles
a: Renounce Religion, Recite, Vitalisation, Donate Gold


You were on level 6 of the Dungeon.
You worshipped Zin.
Zin was pleased with you.
You visited 1 branch of the dungeon, and saw 6 of its levels.

You collected 181 gold pieces.
You donated 18 gold pieces to Zin.

Inventory:

Hand Weapons
 a - a +2 quarterstaff (weapon)
 b - a +0 long sword of protection
 c - a +1 flail of protection
 d - a +0 spear
Jewellery
 g - a ring of magical power (left tentacle)
 h - a ring of fire
 l - a ring of protection from fire (right tentacle)
Scrolls
 e - a scroll of magic mapping {unknown}
 f - a scroll of fear {unknown}
 j - 4 scrolls of identify {unknown}
 k - a scroll of enchant weapon {unknown}
 o - 2 scrolls of teleportation {unknown}
 q - a scroll of noise {unknown}
Potions
 i - 2 potions of degeneration {unknown}
 n - 2 potions of lignification
 p - a potion of cancellation {unknown}


   Skills:
 + Level 4.8 Fighting
 - Level 2.0 Staves
 - Level 1.0 Bows
 + Level 4.8 Dodging
 - Level 2.6 Stealth
 - Level 1.0 Shields
 * Level 3.1 Spellcasting


You had 11 spell levels left.
You didn't know any spells.
Your spell library contained the following spells:

 Spells                   Type           Power      Damage    Failure   Level
 Slow                     Hex            3%         N/A       22%         2
 Confusing Touch          Hex            3%         N/A       41%         3
 Blade Hands              Tmut           1%         N/A       99%         5
 Yara's Violent Unravell  Hex/Tmut       1%         3d3       99%         5
 Iron Shot                Conj/Erth      1%         9d1       100%        6
 Animate Armour           Summ/Erth      Unusable   N/A       N/A         4

Dungeon Overview and Level Annotations

Branches:
Dungeon (6/15)
 Temple: D:4-7

Altars:
Trog
Zin

Annotations:
D:3 exclusion: black bear
D:5 exclusion: ogre, Sigmund


Innate Abilities, Weirdness & Mutations

You cannot wear most types of armour.
You are amphibious.
You can wear up to eight rings at the same time.
Your skin changes colour to match your surroundings (Stealth+).
Your rubbery body absorbs attacks. (AC +1, EV +1)
((You are camouflaged near water. (Stealth+)))
You have tentacles for arms and can constrict up to eight enemies at once.


Message History

Found a ring mail.
An orc priest and a skeleton come into view.
The wyvern skeleton closely misses you.
You hit the wyvern skeleton.
The wyvern skeleton is lightly damaged.
The wyvern skeleton bites you.
You hit the wyvern skeleton.
The wyvern skeleton is lightly damaged.
The wyvern skeleton misses you. x2
You sock the wyvern skeleton!
The wyvern skeleton is moderately damaged.
The wyvern skeleton misses you.
You thump the wyvern skeleton!
The wyvern skeleton is heavily damaged.
The wyvern skeleton closely misses you. The centaur skeleton hits you.
The centaur skeleton barely misses you.
The wyvern skeleton completely misses you.
The centaur skeleton misses you. The centaur skeleton kicks you.
You hit the wyvern skeleton.
The wyvern skeleton is severely damaged.
The wyvern skeleton bites you. The centaur skeleton barely misses you.
The centaur skeleton closely misses you.
You barely miss the wyvern skeleton.
The wyvern skeleton is severely damaged.
The wyvern skeleton bites you!
The centaur skeleton completely misses you.
The centaur skeleton misses you.
The wyvern skeleton completely misses you.
The orc priest barely misses you. The centaur skeleton barely misses you.
The centaur skeleton kicks you.
You feel better. The wyvern skeleton misses you.
The centaur skeleton barely misses you. x2
The orc priest hits you with a +0 dagger.
Okay, then.
Unknown command.
You feel very mighty all of a sudden. The wyvern skeleton bites you.
* * * LOW HITPOINT WARNING * * *
The wyvern skeleton bites you!
You die...

+.....#
#.....#########
#######
#....<........#
.......
#.............#
....[..
..............+
.......
..............#
.......
.######+##....#
.......
#....#+##.......
#......@ZZ......
+.......o.......
#...............
#...............
#....##+##....##
#....# ....#
#....# ....#
#....# ....#


You could see an orc priest, a wyvern skeleton and a centaur skeleton.

Vanquished Creatures
  3 scorpions
  A bullfrog zombie (D:5)
  An iguana (D:5)
  A jelly (D:4)
  Robin (D:3)
  4 adders
  An adder zombie (D:5)
  3 worms
  3 dart slugs (D:3)
  An orc (D:5)
  3 bats
  3 endoplasms
  5 giant cockroaches (D:1)
  11 hobgoblins
  3 quokkas
  3 ball pythons
  3 frilled lizards (D:1)
  10 goblins
  5 kobolds
  6 rats
71 creatures vanquished.

Notes
Turn   | Place    | Note
-------+----------+-------------------------------------------
     0 | D:1      | omnomnOMINOUS the Octopode Wanderer began the quest for the
                  | Orb.
     0 | D:1      | omnomnOMINOUS set off with the following items: a +2
                  | quarterstaff, a potion of lignification, a potion of
                  | curing, a +0 dagger
     0 | D:1      | Reached XP level 1. HP: 17/17 MP: 1/1
    57 | D:1      | Reached skill level 1 in Dodging
   224 | D:1      | Reached XP level 2. HP: 22/22 MP: 2/2
   238 | D:1      | Found a faded altar of an unknown god.
   255 | D:1      | Became a worshipper of Zin the Law-Giver
   255 | D:1      | Reached * piety under Zin
  1002 | D:2      | Reached XP level 3. HP: 24/27 MP: 3/3
  1675 | D:3      | Noticed a black bear
  1926 | D:3      | Reached XP level 4. HP: 8/33 MP: 4/4
  2233 | D:3      | Noticed a moth of wrath
  2395 | D:3      | Noticed Robin
  2400 | D:3      | Killed Robin
  2642 | D:3      | Found a bloodstained altar of Trog.
  3107 | D:4      | Noticed a phantom
  3445 | D:4      | Reached XP level 5. HP: 15/37 MP: 6/6
  3937 | D:4      | Reached skill level 1 in Spellcasting
  4460 | D:5      | Entered Level 5 of the Dungeon
  4720 | D:5      | Reached XP level 6. HP: 44/44 MP: 9/9
  4934 | D:5      | Reached ** piety under Zin
  5215 | D:5      | HP: 1/44 [iguana (3)]
  5746 | D:5      | Noticed Sigmund
  5815 | D:6      | Slain by a wyvern skeleton

Illustrated notes

Levels and vault maps discovered:
D:1:      co_arrival_square_in_a_square_in_a_square, layout_rooms,
          basic_ecumenical_altar
D:2:      layout_basic
D:3:      layout_basic, tgw_trog, uniq_robin
D:4:      layout_loops_ring
D:5:      layout_loops_ring, uniq_sigmund
D:6:      layout_gridville

Skill      XL: |  1  2  3  4  5  6 |
---------------+-------------------+-----
Dodging        | 1 2 3 4 |  4.8
Spellcasting   | 2 3 |  3.1
Fighting       | |  4.8
Staves         | |  2.0
Bows           | |  1.0
Stealth        | |  2.6
Shields        | |  1.0

Action                   |  1- 3 |  4- 6 || total
-------------------------+-------+-------++-------
Melee: Quarterstaff      |    77 |   106 ||   183
       Constrict         |    18 |    21 ||    39
       Tentacles         |    16 |    18 ||    34
Throw: Throwing net      |       |     1 ||     1
  Use: Potion            |       |     4 ||     4
 Stab: Sleeping          |    13 |     3 ||    16
Armor: Skin              |     4 |     2 ||     6
Dodge: Dodged            |    52 |    77 ||   129

Table legend: (Time is in decaauts)
 A = Elapsed time spent in this place.
 B = Non-inter-level travel time spent in this place.
 C = Inter-level travel time spent in this place.
 D = Time resting spent in this place.
 E = Time spent auto-exploring this place.
 F = Levels seen in this place.
 G = Mean time per level.
                   A        B        C        D        E       F      G
               +--------+--------+--------+--------+--------+-----+--------+
         Total |   5851 |   5670 |    181 |   2006 |   2812 |   6 |  975.2 |
       Dungeon |   5851 |   5670 |    181 |   2006 |   2812 |   6 |  975.2 |
               +--------+--------+--------+--------+--------+-----+--------+

Top non-repeatable levels by time:
     D:3: 1598 daAuts
     D:4: 1348 daAuts
     D:5: 1337 daAuts
     D:2: 783 daAuts
     D:1: 759 daAuts
     D:6: 22 daAuts
